 Dungeon Crawl Stone Soup version 0.19.1-1-g22dce08 (console) character file.

20281 sose the Grappler (level 12, -3/115 HPs)
             Began as a Troll Earth Elementalist on Dec 30, 2016.
             Was a Priest of Cheibriados.
             Slain by a five-headed hydra (7 damage)
             ... on level 13 of the Dungeon.
             The game lasted 00:49:18 (12218 turns).

sose the Grappler (Troll Earth Elementalist)       Turns: 12218, Time: 00:49:18

Health: -3/115     AC:  9    Str: 27    XL:     12   Next: 44%
Magic:  3/26       EV: 15    Int: 30    God:    Cheibriados [***...]
Gold:   288        SH:  0    Dex: 18    Spells: 4 memorised, 8 levels left

rFire  + . .     SeeInvis .       - Unarmed
rCold  + . .     Gourm    +     o - +2 robe {rN+}
rNeg   + . .     Faith    .     (no shield)
rPois  .         Spirit   .     (helmet restricted)
rElec  .         Reflect  .     C - +1 cloak
rCorr  .         Harm     .     (gloves unavailable)
MR     .....     NoTele   +     (boots unavailable)
Stlth  +++.......               H - amulet of magic regeneration
                                U - ring of stealth
                                p - ring of Entrepreneurial Spirit {-Tele MP+9 Int+7}

@: very slightly contaminated, very slow
A: unfitting armour, claws 3, cold resistance 1, fire resistance 1, fast
metabolism 3, gourmand, regeneration 1, shaggy fur 1, tough skin 2
a: Bend Time, Temporal Distortion, Renounce Religion


You were on level 13 of the Dungeon.
You worshipped Cheibriados.
Cheibriados was most pleased with you.
You were very full.

You visited 3 branches of the dungeon, and saw 16 of its levels.
You also visited: Bailey.

You collected 633 gold pieces.
You spent 345 gold pieces at shops.

Inventory:

Missiles
 f - 8 javelins
 S - 4 exploding tomahawks
 Z - 4 large rocks (quivered)
Armour
 o - a +2 robe of positive energy (worn)
 C - a +1 cloak (worn)
Jewellery
 l - a +5 ring of evasion
 p - the ring of Entrepreneurial Spirit (left claw) {-Tele MP+9 Int+7}
   (You acquired it on level 13 of the Dungeon)

   [ring of magical power]

   It affects your intelligence (+7).
   It affects your magic capacity (+9).
   It prevents most forms of teleportation.
 q - a +4 ring of dexterity
 s - the ring "Xaqeg" {rC+++ rN+ Int-5 Stlth+}
   (You acquired it on level 13 of the Dungeon)

   [ring of stealth]

   It affects your intelligence (-5).
   It renders you almost immune to cold.
   It protects you from negative energy.
   It makes you more stealthy.
 u - an uncursed ring of positive energy
 H - an amulet of magic regeneration (around neck)
 M - an uncursed ring of resist corrosion
 U - a ring of stealth (right claw)
Wands
 y - a wand of polymorph (9/24)
 F - a wand of digging (14/24)
 G - a wand of iceblast (6/15)
 O - a wand of iceblast (6/15)
 V - a wand of acid (8/15)
Scrolls
 b - 2 scrolls of identify
 j - 2 scrolls of teleportation
 r - 4 scrolls of recharging
 v - 2 scrolls of fog
 w - a scroll of blinking
 D - 2 scrolls of immolation {unknown}
 K - a scroll of torment {unknown}
 L - a scroll of brand weapon {unknown}
 N - a scroll of fear
 P - 2 scrolls of amnesia
 Q - 2 scrolls of remove curse
 W - a scroll of enchant weapon {unknown}
 X - 2 scrolls of summoning
Potions
 a - 5 potions of brilliance
 c - 9 potions of curing
 i - a potion of haste
 m - 3 potions of flight
 n - 2 potions of might
 t - a potion of invisibility
 z - a potion of cancellation
 A - a potion of resistance
 B - a potion of magic
 I - a potion of degeneration {unknown}
 J - a potion of agility {unknown}
 T - a potion of mutation {unknown}
 Y - a potion of ambrosia {unknown}
Books
 e - a book of Geomancy

   Spells                             Type                      Level
   a - Sandblast                      Earth                        1
   b - Passwall                       Transmutation/Earth          2
   c - Stone Arrow                    Conjuration/Earth            3
   d - Petrify                        Transmutation/Earth          4
   e - Lee's Rapid Deconstruction     Earth                        5
 R - a book of Cantrips

   Spells                             Type                      Level
   a - Confusing Touch                Hexes                        1
   b - Animate Skeleton               Necromancy                   1
   c - Summon Small Mammal            Summoning                    1
   d - Apportation                    Translocation                1
Comestibles
 d - 13 bread rations
 g - 9 meat rations
 h - 2 royal jellies
 x - 4 beef jerkies
 E - 2 slices of pizza


   Skills:
 + Level 6.7 Fighting
 - Level 2.1 Throwing
 + Level 7.0 Dodging
 - Level 1.0 Stealth
 + Level 10.8 Unarmed Combat
 + Level 4.1 Spellcasting
 - Level 6.0 Conjurations
 - Level 0.6 Transmutations
 + Level 7.3 Earth Magic
 + Level 4.3 Invocations


You had 8 spell levels left.
You knew the following spells:

 Your Spells              Type           Power        Failure   Level  Hunger
a - Sandblast             Erth           ######       1%          1    None
b - Stone Arrow           Conj/Erth      #####.       1%          3    ##.....
c - Lee's Rapid Deconstr  Erth           ######....   12%         5    #####..
P - Passwall              Tmut/Erth      ####......   1%          2    None


Dungeon Overview and Level Annotations

Branches:
Dungeon (14/15)            Temple (1/1) D:7            Lair (1/6) D:8
    Orc: D:9-12      Vaults: D:13-14

Altars:
Ashenzari
Cheibriados
Dithmenos
Elyvilon
Fedhas
Gozag
Hepliaklqana
Kikubaaqudgha
Makhleb
Nemelex Xobeh
Okawaru
Qazlal
Ru
Sif Muna
Trog
Uskayaw
Vehumet
Xom
Yredelemnul
Zin
The Shining One

Shops:
D:7 [   D:13 !   D:14 *

Annotations:
Lair:1 exclusions: hydra and upstairs


Innate Abilities, Weirdness & Mutations

You are too large for most types of armour.
You have claws for hands.
Your metabolism is lightning-fast.
You like to eat raw meat.
Your natural rate of healing is unusually fast.
You are covered in fur. (AC +1)
You have very tough skin. (AC +2)
Your flesh is cold resistant. (rC+)
Your flesh is heat resistant. (rF+)


Message History

* * * LOW HITPOINT WARNING * * *
The five-headed hydra completely misses you.
The five-headed hydra bites you.
* * * LOW HITPOINT WARNING * * *
The five-headed hydra bites you!
* * * LOW HITPOINT WARNING * * *
Unknown command.
You cannot teleport because you are wearing the ring of Entrepreneurial Spirit {-Tele MP+9 Int+7}.
Unknown command.
Okay, then.
Evoke which item? (* to show all) (? for menu, Esc to quit)
Okay, then.
You feel much better. The five-headed hydra bites you!
* * * LOW HITPOINT WARNING * * *
The five-headed hydra closely misses you.
The five-headed hydra bites you!
* * * LOW HITPOINT WARNING * * *
The five-headed hydra closely misses you.
The five-headed hydra bites you!
You die...

#........ ###
#......< .. ....
#......# #.# ####
#......# #.#
###....a.# #.#
#....##.C# #.#
#........# #.#
#.......a###.#######
........CD@.........
#.......a###........
.........###........
...........(........
....#####.##.#......
.... #.##.#.###.. ..
#.##.#.# .. #.##.#.#
... #..#.#.###..


You could see a five-headed hydra, a hill giant and 2 worker ants.

Vanquished Creatures
  The ghost of appiemonkey the Fighter, a novice MiFi of Okawaru (Bailey)
  A tengu warrior (D:13)
  The ghost of Paps the Basher, a novice GrFi of Okawaru (Bailey)
  A wizard (D:9)
  6 hill giants
  Pikel (D:4)
  2 orc sorcerers (Bailey)
  5 ugly things (D:11)
  A cyclops (D:13)
  A centaur zombie (D:13)
  Maurice (D:13)
  A kobold demonologist (D:11)
  2 trolls
  2 tengu conjurers (D:13)
  A hornet (D:11)
  Prince Ribbit (D:8)
  A two-headed ogre (D:11)
  A merfolk (D:9)
  A harpy skeleton (D:13)
  A vampire (D:13)
  2 wyverns
  A wraith (D:11)
  A basilisk (D:9)
  3 yaks (D:11)
  A steam dragon (D:10)
  Edmund (D:4)
  15 orc warriors
  A water moccasin (D:8)
  3 ice beasts
  An eye of draining (D:10)
  2 phantoms
  6 sky beasts
  8 ogres
  4 centaurs
  2 big kobolds
  8 bullfrogs
  A gnoll sergeant (D:11)
  7 scorpions
  A wyvern skeleton (D:9)
  8 killer bees
  3 wights (D:10)
  5 electric eels (Bailey)
  7 crimson imps
  A howler monkey (D:6)
  Crazy Yiuf (D:4)
  6 hounds
  A jelly (D:6)
  A bullfrog zombie (D:6)
  A gnoll shaman (D:9)
  6 orc priests
  A bullfrog skeleton (D:5)
  15 orc wizards
  3 centaur skeletons
  4 iguanas
  Jessica (D:2)
  10 worker ants
  A hound zombie (D:7)
  Robin (D:3)
  18 gnolls
  7 adders
  2 shadow imps (D:11)
  An ooze (D:4)
  An adder skeleton (D:4)
  2 worms
  2 dart slugs (D:1)
  4 leopard geckos
  45 orcs
  13 bats
  7 giant cockroaches
  21 goblins
  12 hobgoblins
  2 jackals (D:3)
  21 kobolds
  4 quokkas
  2 ball pythons
  6 frilled lizards
  A jackal skeleton (D:4)
  A leopard gecko skeleton (D:6)
  A leopard gecko zombie (D:7)
  A quokka skeleton (D:7)
  4 rats
354 creatures vanquished.

Vanquished Creatures (others)
  2 slaves (D:4)
  An adder skeleton (D:4)
  A leopard gecko (D:4)
4 creatures vanquished.

Grand Total: 358 creatures vanquished

Notes
Turn   | Place    | Note
-------+----------+-------------------------------------------
     0 | D:1      | sose the Troll Earth Elementalist began the quest for the Orb.
     0 | D:1      | Reached XP level 1. HP: 16/16 MP: 1/1
    32 | D:1      | Reached skill level 1 in Unarmed Combat
   138 | D:1      | Reached XP level 2. HP: 24/24 MP: 2/2
   271 | D:1      | Reached skill level 2 in Unarmed Combat
   661 | D:1      | Reached XP level 3. HP: 31/31 MP: 3/3
   884 | D:2      | Reached skill level 3 in Unarmed Combat
   982 | D:2      | Noticed Jessica
   985 | D:2      | Killed Jessica
   985 | D:2      | Reached XP level 4. HP: 34/39 MP: 4/4
  1237 | D:2      | Found a faded altar of an unknown god.
  1312 | D:2      | Reached skill level 4 in Unarmed Combat
  1504 | D:2      | Found a burning altar of Makhleb.
  1993 | D:3      | Noticed Robin
  2004 | D:3      | Killed Robin
  2168 | D:3      | Reached XP level 5. HP: 41/45 MP: 5/5
  2304 | D:3      | Reached skill level 5 in Unarmed Combat
  2668 | D:4      | Noticed a slave
  2669 | D:4      | Noticed a slave
  2670 | D:4      | Noticed Pikel
  2679 | D:4      | Noticed a slave
  2682 | D:4      | Noticed a slave
  2692 | D:4      | Noticed Edmund
  2694 | D:4      | Killed Pikel
  2694 | D:4      | Reached skill level 7 in Unarmed Combat
  2694 | D:4      | Reached XP level 6. HP: 32/53 MP: 6/6
  2694 | D:4      | Reached XP level 7. HP: 36/59 MP: 7/7
  2720 | D:4      | Killed Edmund
  2762 | D:4      | Learned a level 3 spell: Stone Arrow
  2863 | D:4      | Reached skill level 8 in Unarmed Combat
  2888 | D:4      | Found an ancient bone altar of Kikubaaqudgha.
  3078 | D:4      | Reached skill level 1 in Fighting
  3097 | D:4      | Found a sparkling altar of Nemelex Xobeh.
  3179 | D:4      | Found a runed door.
  3796 | D:4      | Noticed Crazy Yiuf
  3803 | D:4      | Killed Crazy Yiuf
  3867 | D:5      | Entered Level 5 of the Dungeon
  3920 | D:5      | Reached skill level 1 in Conjurations
  3946 | D:5      | Reached XP level 8. HP: 51/71 MP: 8/8
  4957 | D:6      | Reached XP level 9. HP: 79/81 MP: 10/10
  5623 | D:7      | Found an opulent altar of Gozag.
  5624 | D:7      | Found a sacrificial altar of Ru.
  5886 | D:7      | You fall through a shaft for 2 floors!
  6002 | D:8      | Found a staircase to the Lair.
  6092 | D:7      | Found Nekkom's Antique Armour Boutique.
  6234 | D:7      | Found a shadowy altar of Dithmenos.
  6594 | D:7      | Found a staircase to the Ecumenical Temple.
  6606 | Temple   | Entered the Ecumenical Temple
  6695 | Temple   | Became a worshipper of Cheibriados the Contemplative
  6792 | D:8      | Gained mutation: Your flesh is heat resistant. (rF+) [potion of beneficial mutation]
  6958 | D:8      | Noticed Prince Ribbit
  6982 | D:8      | Killed Prince Ribbit
  6982 | D:8      | Reached skill level 9 in Unarmed Combat
  7412 | D:8      | Reached * piety under Cheibriados
  7517 | Lair:1   | Entered Level 1 of the Lair of Beasts
  7568 | Lair:1   | Noticed a five-headed hydra
  7642 | D:9      | Reached XP level 10. HP: 94/94 MP: 12/12
  7672 | D:9      | Reached skill level 5 in Earth Magic
  7785 | D:9      | Noticed a wizard
  8001 | D:9      | Reached skill level 1 in Invocations
  8049 | D:9      | Reached ** piety under Cheibriados
  8297 | D:9      | Reached skill level 5 in Dodging
  8383 | D:9      | Killed a wizard
  8420 | D:10     | Entered Level 10 of the Dungeon
  8684 | D:10     | Reached skill level 5 in Fighting
  8903 | D:10     | Noticed a hill giant
  8913 | D:10     | Killed a hill giant
  8963 | D:10     | Reached *** piety under Cheibriados
  9086 | D:10     | Noticed a hill giant
  9092 | D:10     | Killed a hill giant
  9333 | D:11     | Reached skill level 5 in Conjurations
  9376 | D:11     | Found a shimmering altar of Xom.
  9376 | D:11     | Found a shimmering altar of Xom.
  9376 | D:11     | Found a shimmering altar of Xom.
  9381 | D:11     | Reached XP level 11. HP: 102/104 MP: 14/14
  9383 | D:11     | Found a shimmering altar of Xom.
  9570 | D:11     | Noticed a green ugly thing
  9581 | D:11     | Killed a green ugly thing
  9581 | D:11     | Reached skill level 10 in Unarmed Combat
  9620 | D:11     | Noticed a white ugly thing
  9626 | D:11     | Noticed a cyan ugly thing
  9630 | D:11     | Killed a white ugly thing
  9640 | D:11     | Killed a cyan ugly thing
  9989 | D:11     | Reached **** piety under Cheibriados
 10011 | D:11     | Noticed a cyan ugly thing
 10030 | D:11     | Killed a cyan ugly thing
 10255 | D:11     | Noticed a red ugly thing
 10264 | D:11     | Killed a red ugly thing
 10268 | D:11     | Learned a level 2 spell: Passwall
 10274 | D:11     | Learned a level 5 spell: Lee's Rapid Deconstruction
 10338 | D:11     | Noticed a hill giant
 10347 | D:11     | Killed a hill giant
 10710 | D:12     | You fall through a shaft for 2 floors!
 10734 | D:14     | Found Qimety's Assorted Antiques.
 10740 | D:14     | Bought a scroll labeled WIMODI UPSUDD for 20 gold pieces
 10740 | D:14     | Bought 3 scrolls labeled WOPTOIMUAMM for 60 gold pieces
 10740 | D:14     | Bought a scroll of identify for 40 gold pieces
 10740 | D:14     | Noticed a hill giant
 10751 | D:13     | Killed a hill giant
 10775 | D:13     | Found Zitaom's Distillery.
 10803 | D:13     | Bought a potion of curing for 45 gold pieces
 10803 | D:13     | Bought a potion of curing for 45 gold pieces
 10803 | D:13     | Bought a potion of curing for 45 gold pieces
 10803 | D:13     | Bought a potion of curing for 45 gold pieces
 10803 | D:13     | Bought a potion of curing for 45 gold pieces
 10952 | D:13     | Noticed a hill giant
 10960 | D:13     | Killed a hill giant
 10968 | D:13     | Found a flagged portal.
 11056 | Bailey   | Entered a bailey
 11140 | Bailey   | Found an iron altar of Okawaru.
 11140 | Bailey   | Noticed an orc sorcerer
 11140 | Bailey   | Noticed an orc sorcerer
 11150 | Bailey   | Killed an orc sorcerer
 11150 | Bailey   | Reached skill level 1 in Throwing
 11150 | Bailey   | Paralysed by an orc sorcerer for 5 turns
 11157 | Bailey   | Killed an orc sorcerer
 11157 | Bailey   | Reached XP level 12. HP: 115/115 MP: 3/16
 11177 | Bailey   | Reached ***** piety under Cheibriados
 11231 | Bailey   | Noticed Paps's ghost (novice GrFi)
 11247 | Bailey   | Killed Paps's ghost
 11394 | Bailey   | Gained mutation: Your flesh is cold resistant. (rC+) [potion of beneficial mutation]
 11410 | Bailey   | Got a dazzling rapier
 11411 | Bailey   | Identified the +9 rapier of Nyusin {venom, Dex+4} (You found it in a bailey)
 11478 | Bailey   | Noticed appiemonkey's ghost (novice MiFi)
 11511 | Bailey   | Killed appiemonkey's ghost
 11910 | D:13     | Got a vibrating copper ring
 11912 | D:13     | Identified the ring of Entrepreneurial Spirit {-Tele MP+9 Int+7} (You acquired it on level 13 of the Dungeon)
 11967 | D:13     | Found a blossoming altar of Fedhas.
 12008 | D:13     | Noticed Maurice
 12008 | D:13     | Noticed a tengu warrior
 12014 | D:13     | Killed a tengu warrior
 12015 | D:13     | Killed Maurice
 12030 | D:13     | Got a translucent ivory ring
 12032 | D:13     | Identified the ring "Xaqeg" {rC+++ rN+ Int-5 Stlth+} (You acquired it on level 13 of the Dungeon)
 12201 | D:13     | Noticed a five-headed hydra
 12218 | D:13     | HP: 4/115 [five-headed hydra (7)]
 12218 | D:13     | Slain by a five-headed hydra

Skill      XL: |  1  2  3  4  5  6  7  8  9 10 11 12 |
---------------+-------------------------------------+-----
Unarmed Combat | 1 2 3 4 7 8 9 10 | 10.8
Fighting       | 1 3 4 5 6 |  6.7
Earth Magic    | 3 4 6 7 |  7.3
Dodging        | 2 3 4 5 6 7 |  7.0
Conjurations   | 1 2 4 5 6 |  6.0
Spellcasting   | 2 3 4 |  4.1
Invocations    | 2 3 4 |  4.3
Throwing       | 1 2 |  2.1
Stealth        | |  1.0
Transmutations | |  0.6

Action                   |  1- 3 |  4- 6 |  7- 9 | 10-12 || total
-------------------------+-------+-------+-------+-------++-------
Melee: Unarmed           |    81 |   115 |   445 |   476 ||  1117
       Punch             |     2 |     1 |    13 |    40 ||    56
Throw: Javelin           |       |       |    11 |     8 ||    19
       Large rock        |       |       |       |     1 ||     1
 Cast: Stone Arrow       |       |       |     1 |    65 ||    66
       Lee's Rapid Decon |       |       |       |     5 ||     5
Invok: Slouch            |       |       |       |     6 ||     6
Evoke: Wand              |       |       |     1 |       ||     1
  Use: Scroll            |       |     3 |    11 |    13 ||    27
       Potion            |       |       |     2 |     7 ||     9
 Stab: Distracted        |     1 |       |     2 |     1 ||     4
       Sleeping          |       |       |     2 |     4 ||     6
  Eat: Chunk             |    12 |    16 |    48 |    34 ||   110
Armor: Robe              |    38 |    27 |    89 |    85 ||   239
Dodge: Dodged            |    34 |    85 |   254 |   370 ||   743
